[Event "1st Serbian League 2022"]
[Site "Vrnjacka Banja"]
[Date "2022.09.20"]
[Round "1.26"]
[White "Damljanovic, Branko"]
[Black "Stojanovic, Mihajlo"]
[Result "1/2-1/2"]
[ECO "C02"]
[WhiteElo "2436"]
[BlackElo "2494"]
[Annotator "TA"]
[PlyCount "124"]
[EventDate "2022.09.20"]
[EventType "team-tourn"]
[EventCountry "SRB"]
[SourceTitle "playchess.com"]
[Source "ChessBase"]
[SourceQuality "1"]
[TimeControl "40/5400+30:1800+30"]

1. e4 e6 2. d4 d5 3. e5 c5 4. c3 Qb6 5. Nf3 Nc6 6. Be2 cxd4 7. cxd4 Nh6 8. Nc3 Nf5 9. Na4 Qa5+ 10. Bd2 Bb4 11. Bc3 Bxc3+ 12. Nxc3 Qb6 {[%emt 0:00:06][%csl LRb2,LRd4][%cal Rf5d4] BESTDEEP} 13. Bb5 {[%emt 0:00:36] EASY. C02: French: Advance Variation.} Bd7 {[%emt 0:00:07][%cal Rf5d4] CPLX 2.6} 14. Bxc6 {[%emt 0:00:46] CPLX 2.5} Bxc6 {[%emt 0:00:23] RECAPT} 15. Qd2 {[%emt 0:00:41] CPLX 2.2 12 (b2-b3) (=4)} Bb5 {[%emt 0:01:04] [#] CPLX 2.2 19 (Qb6-a6) (=5)} 16. h4 $146 {[%emt 0:16:53] CPLX 2.6 35 (Nc3xb5) (=12)} ({Predecessor:} 16. O-O-O O-O 17. Kb1 a5 18. h4 Bc4 19. h5 Qd8 20. g4 Ne7 21. h6 g6 22. Qf4 {½-½ (35) Boguslawski,O (2445)-Poetsch,H (2466) Germany 2013}) 16... Rc8 {[%emt 0:19:26] CPLX 2.5 44 (h7-h5) (=13)} 17. h5 {[%emt 0:05:08] BESTDEEP} h6 {[%emt 0:00:48] CPLX 2.7 0 (Rc8-c4) (=11)} 18. Rd1 {[%emt 0:02:51] CPLX 2.7 27 (g2-g4) (=12)} Rc7 {[%emt 0:15:10] CPLX 2.6 27 (Bb5-a6) (=13)} 19. g4 {[%emt 0:10:16] CPLX 2.6} Ne7 {[%emt 0:00:06] EASY} 20. Nh4 {[%emt 0:00:17] BESTDEEP} Qa5 {[%emt 0:07:56] CPLX 2.5 31 (Bb5-a6) (=13)} 21. Rh3 {[%emt 0:06:35] CPLX 2.7 0 (f2-f4) (=8)} Ba4 {[%emt 0:04:06] CPLX 3.3 0 (Bb5-a6) (=12)} 22. Nxa4 {[%emt 0:24:27] CPLX 3.2 16 (Rd1-c1) (=9)} Qxa4 {[%emt 0:00:06] RECAPT} 23. Ra3 {[%emt 0:00:14] CPLX 2.6} Qb5 {[%emt 0:03:08] BESTDEEP} 24. Rxa7 {[%emt 0:01:45] CPLX 2.8 0 (Nh4-f3) (=8)} O-O {[%emt 0:00:10] CPLX 3.1} 25. Ra5 {[%emt 0:02:25] CPLX 3.2 0 (Qd2-a5) (=7)} Qb6 {[%emt 0:00:34] CPLX 3.6} 26. Ra3 {[%emt 0:05:07] CPLX 2.5} Rfc8 {[%emt 0:12:58] CPLX 2.5} 27. Rc3 {[%emt 0:11:34] CPLX 2.5 0 (Ra3-b3) (=6)} Rxc3 {[%emt 0:34:10] CPLX 2.5} 28. bxc3 {[%emt 0:00:38] RECAPT} Qa5 {[%emt 0:00:00] CPLX 2.2} 29. Rc1 {[%emt 0:00:15] BESTDEEP} Rc4 {[%emt 0:00:00] CPLX 2.2} 30. Nf3 {[%emt 0:04:33] CPLX 2.2 0 (Ke1-f1) (=5)} Nc6 {[%emt 0:00:00][%cal Be7c6,Bc6b4,Bb4c2][%mdl 32] CPLX 2.1 8 (b7-b5) (=7)} 31. Kf1 {[%emt 0:02:51] CPLX 2.2} b5 {[%emt 0:00:00] CPLX 2.2 17 (Qa5-a3) (=7)} 32. Kg2 {[%emt 0:00:28] CPLX 2.2 11 (g4-g5) (=5)} b4 {[%emt 0:00:00] CPLX 2.2 31 (Qa5-a3) (=8)} (32... Qa3 {feels hotter.} 33. g5 b4 34. gxh6 bxc3 35. Qe3 gxh6 36. Qxh6 Qf8) 33. cxb4 {[%emt 0:00:22] EASY} Qxb4 {[%emt 0:00:00] RECAPT} 34. Qxb4 {[%emt 0:01:33] RECAPT 0 (Rc1xc4) (=5)} Nxb4 $14 {[%emt 0:00:00][%mdl 4096] Endgame KRN-KRN. RECAPT} 35. Ra1 {[%emt 0:02:30] CPLX 2.0 41 (Rc1xc4) (=6)} Nc2 {[%emt 0:00:24][%csl LRa1,LRd4] CPLX 2.0. The position is equal.} 36. Rd1 {[%emt 0:00:14] CPLX 2.0 0 (Ra1-b1) (=6)} Ra4 {[%emt 0:00:19] CPLX 2.0} 37. Rd2 {[%emt 0:01:09] CPLX 2.0 0 (Kg2-f1) (=6)} Rxa2 {[%emt 0:00:07] EASY} 38. Kg3 {[%emt 0:00:14] CPLX 2.0} Nb4 {[%emt 0:00:10] BESTDEEP} 39. Rxa2 {[%emt 0:00:10] EASY} Nxa2 $11 {[%emt 0:00:05] KN-KN. RECAPT} 40. Nd2 {[%emt 0:00:35] CPLX 2.0 0 (Nf3-e1) (=5)} Nc3 {[%emt 0:01:44] CPLX 2.0} 41. Kf3 {[%emt 0:31:06] Against Ne2. CPLX 2.0 0 (Kg3-f4) (=5)} f6 {[%emt 0:33:08] CPLX 2.0 0 (g7-g6) (=6)} 42. Nb3 {[%emt 0:00:00] CPLX 2.0 0 (Kf3-e3) (=5)} Kf7 43. Kf4 Nb5 44. Ke3 Na3 45. f4 Nc4+ {[%emt 0:00:00] CPLX 2.0} 46. Kf3 {[%emt 0:00:00] CPLX 2.0 0 (Ke3-e2) (=5)} Ke7 {[%emt 0:00:00] CPLX 2.0 0 (Nc4-a3) (=6)} 47. Ke2 {[%emt 0:00:00] BESTDEEP} Kf7 {[%emt 0:00:00] BESTDEEP} 48. Nc5 {[%emt 0:00:00] CPLX 2.0} Ke7 {[%emt 0:00:00] CPLX 2.0 0 (Nc4-a3) (=5)} 49. Nd3 {[%emt 0:00:00] CPLX 2.0 0 (Nc5-a4) (=4)} f5 {[%emt 0:01:27] CPLX 2.0 1 (Ke7-f7) (=5)} 50. gxf5 {[%emt 0:00:00] CPLX 2.0 8 (g4-g5) (=4)} exf5 {[%emt 0:00:02] RECAPT} 51. Nb4 {[%emt 0:00:00] BESTDEEP} Ke6 {[%emt 0:00:04] EASY} 52. Na6 {[%emt 0:00:00] [#] Black must now prevent Nc7+. CPLX 2.0 0 (Nb4-c6) (=4)} Kd7 {[%emt 0:00:20] Prevents Nc7. CPLX 2.0 15 (Nc4-b6) (=5)} 53. Kd3 {[%emt 0:00:00] CPLX 2.0 15 (Na6-c5) (=4)} Na3 {[%emt 0:00:42] BESTDEEP} 54. Nb4 {[%emt 0:01:17] CPLX 2.0 0 (Kd3-e3) (=4)} Ke6 {[%emt 0:00:05] EASY} 55. Nc2 {[%emt 0:00:04] CPLX 2.0 0 (Nb4-a2) (=4)} Nb5 {[%emt 0:00:31] BESTDEEP} 56. Ne3 {[%emt 0:00:04] CPLX 2.0 0 (Nc2-b4) (=4)} Na7 {[%emt 0:01:50] BESTDEEP} 57. Ng2 Nb5 58. Nh4 Na7 59. Kc2 {[%emt 0:02:32] BESTDEEP} Nc6 {[%emt 0:01:48] CPLX 2.0 8 (Na7-b5) (=5)} 60. Kc3 {[%emt 0:00:08] CPLX 2.0} Na5 $1 {[%emt 0:00:13] DEEPSTRONG} 61. Nf3 {[%emt 0:05:02] [#] aiming for Kb4. CPLX 2.0 8 (Kc3-b4) (=4)} Nc4 {[%emt 0:00:28] CPLX 2.0 11 (Na5-c6) (=5)} 62. Kd3 {[%emt 0:00:25] CPLX 2.0 11 (Kc3-b4) (=4)} Na3 {[%emt 0:00:30] Weighted Error Value: White=0.04 (flawless) /Black=0.05 (flawless)} 1/2-1/2

[Event "1st Serbian League 2022"]
[Site "Vrnjacka Banja"]
[Date "2022.09.20"]
[Round "1.27"]
[White "Pezelj, Novak"]
[Black "Tadic, Branko"]
[Result "1/2-1/2"]
[ECO "B95"]
[WhiteElo "2496"]
[BlackElo "2455"]
[Annotator "TA"]
[PlyCount "35"]
[EventDate "2022.09.20"]
[EventType "team-tourn"]
[EventCountry "SRB"]
[SourceTitle "playchess.com"]
[Source "ChessBase"]
[SourceQuality "1"]
[TimeControl "40/5400+30:1800+30"]

1. e4 c5 2. Nf3 d6 3. d4 cxd4 4. Nxd4 Nf6 5. Nc3 a6 6. Bg5 e6 7. Qd3 h6 {[%emt 0:13:40] CPLX 2.5 4 (b7-b5) (=4)} 8. Bh4 {[%emt 0:04:19] CPLX 2.7 2 (Bg5-d2) (=2). B95: Sicilian Najdorf: 6 Bg5 e6, unusual White 7th moves.} Nc6 {[%emt 0:13:11] CPLX 2.5 29 (b7-b5) (=17)} 9. O-O-O {[%emt 0:05:31] BESTDEEP} Ne5 {[%emt 0:12:10] CPLX 2.8 0 (Nc6xd4) (=11)} 10. Qe2 {[%emt 0:13:15] CPLX 2.9. White has an edge.} g5 {[%emt 0:00:40] CPLX 2.6 27 (Bf8-e7) (=15)} 11. Bg3 {[%emt 0:00:09] EASY} Qc7 {[%emt 0:01:20] CPLX 2.4} 12. h4 {[%emt 0:13:47] [#] Threatens to win with hxg5. CPLX 2.6 0 (a2-a3) (=0)} Rg8 {[%emt 0:00:46] CPLX 2.8 18 (g5-g4) (=13)} 13. hxg5 {[%emt 0:01:17] CPLX 2.8} hxg5 {[%emt 0:00:06] RECAPT} 14. Nf3 {[%emt 0:02:42] CPLX 2.7 37 (Kc1-b1) (=6)} Bd7 {[%emt 0:14:24] CPLX 3.0 1 (Bf8-e7) (=10)} 15. Nxe5 {[%emt 0:13:07] CPLX 3.0 6 (a2-a3) (=6)} dxe5 {[%emt 0:00:06] RECAPT} 16. Qc4 {[%emt 0:00:06] [#] CPLX 2.5 36 (f2-f3) (=9)} Qxc4 $146 {[%emt 0:10:14] CPLX 3.0} ({Predecessor:} 16... Qa5 17. Qb3 O-O-O 18. Be2 Be7 19. f3 Bc6 20. Be1 Nd7 21. Nb1 g4 22. Bh4 Bxh4 23. Rxh4 {0-1 (32) Aleksic,N (2410)-Vukovic,Z (2430) Cetinje 1992}) 17. Bxc4 {[%emt 0:00:06] RECAPT} Bc6 {[%emt 0:00:28] CPLX 2.1 1 (Ra8-c8) (=7)} 18. Bxe5 {[%emt 0:03:29] Weighted Error Value: White=0.09 (flawless) /Black=0.09 (flawless)} 1/2-1/2

[Event "1st Serbian League 2022"]
[Site "Vrnjacka Banja"]
[Date "2022.09.20"]
[Round "1.28"]
[White "Nikolovski, Nikola"]
[Black "Ratkovic, Milovan"]
[Result "0-1"]
[ECO "B21"]
[WhiteElo "2359"]
[BlackElo "2411"]
[Annotator "ChessBase"]
[PlyCount "78"]
[EventDate "2022.09.20"]
[EventType "team-tourn"]
[EventCountry "SRB"]
[SourceTitle "playchess.com"]
[Source "ChessBase"]
[SourceQuality "1"]
[TimeControl "40/5400+30:1800+30"]

1. e4 c5 2. Nc3 e6 3. f4 d5 4. Nf3 dxe4 5. Nxe4 Nc6 6. Bb5 Bd7 7. Qe2 Nh6 8. b3 Be7 9. Bb2 Nf5 10. O-O O-O 11. Bxc6 Bxc6 12. d3 b5 13. Qf2 Rc8 14. Ne5 Bb7 15. Kh1 Rc7 16. Rae1 Bh4 17. g3 Be7 18. h3 c4 19. Kh2 f6 20. Nf3 cxd3 21. c3 Qc8 22. g4 Nd6 23. Ned2 e5 24. f5 Qa8 25. Rg1 Nf7 26. Rgf1 Bd6 27. Kg1 Bc5 28. Re3 a5 29. Kh2 a4 30. Rg1 axb3 31. h4 Bxf3 32. Nxf3 Qa7 33. Bc1 bxa2 34. g5 fxg5 35. hxg5 a1=Q 36. g6 Nh6 37. gxh7+ Kh8 38. f6 Qxc1 39. Ng5 Qxe3 0-1

[Event "1st Serbian League 2022"]
[Site "Vrnjacka Banja"]
[Date "2022.09.20"]
[Round "1.29"]
[White "Ratkovic, Miloje"]
[Black "Milenkovic, Mladen"]
[Result "1-0"]
[ECO "A70"]
[WhiteElo "2498"]
[BlackElo "2379"]
[Annotator "TA"]
[PlyCount "71"]
[EventDate "2022.09.20"]
[EventType "team-tourn"]
[EventCountry "SRB"]
[SourceTitle "playchess.com"]
[Source "ChessBase"]
[SourceQuality "1"]
[TimeControl "40/5400+30:1800+30"]

1. d4 Nf6 2. Nf3 e6 3. c4 c5 4. d5 exd5 5. cxd5 d6 6. Nc3 g6 7. Bf4 a6 8. e4 Bg7 9. Qa4+ {[%emt 0:00:45] BESTDEEP} Kf8 {[%emt 0:26:31] CPLX 2.5 36 (Nf6-d7) (=36). A70: Modern Benoni: 6 e4 g6 7 Nf3.} 10. Be2 {[%emt 0:04:47] White has more active pieces. CPLX 2.5 2 (h2-h3) (=1)} Nh5 {[%emt 0:10:34] CPLX 2.5 33 (Qd8-e7) (=35)} 11. Be3 {[%emt 0:04:38] CPLX 3.0 37 (Bf4-g5) (=13)} Nd7 {[%emt 0:12:03] CPLX 2.7. White is slightly better.} 12. O-O {[%emt 0:00:23] CPLX 2.7} b5 {[%emt 0:13:30] BESTDEEP} 13. Qc2 {[%emt 0:02:33] [#] BESTDEEP} b4 $146 {[%emt 0:09:21] CPLX 2.6 68 (Nh5-f6) (=27)} (13... Nhf6 $142) ({Predecessor:} 13... h6 14. h3 Qf6 15. Nh2 Nf4 16. Ng4 Nxe2+ 17. Qxe2 Qe7 18. f3 f5 19. Nf2 Nf6 20. exf5 gxf5 {½-½ (60) Alltukhov,Y (2063)-Beletsky,A (2342) Novosibirsk 2009}) 14. Na4 $16 {[%emt 0:01:21] BESTDEEP} Rb8 {[%emt 0:17:02] CPLX 2.5 11 (a6-a5) (=25)} 15. Rae1 {[%emt 0:13:36] CPLX 2.5 3 (Nf3-d2) (=6)} Kg8 {[%emt 0:00:00] CPLX 2.5 0 (Nh5-f6) (=21)} 16. Nd2 {[%emt 0:05:33] CPLX 2.4 0 (h2-h3) (=5)} Nhf6 {[%emt 0:00:00] BESTDEEP} 17. f4 {[%emt 0:03:27][%cal Bf2f4,Bf4e5][%mdl 32] CPLX 2.3 10 (Nd2-c4) (=6)} h5 {[%emt 0:00:00] CPLX 2.2} 18. h3 {[%emt 0:03:32] Prevents Ng4. CPLX 2.2 4 (Nd2-c4) (=6)} Nb6 {[%emt 0:00:00] CPLX 2.3 35 (Nf6-e8) (=18)} 19. Nxb6 {[%emt 0:02:14] CPLX 2.6} Rxb6 {[%emt 0:00:00] RECAPT} 20. Bc4 {[%emt 0:08:29] CPLX 2.2 22 (Be2-d3) (=7)} Rb8 {[%emt 0:00:54] CPLX 2.1 15 (h5-h4) (=17)} 21. e5 {[%emt 0:02:39] CPLX 2.1} dxe5 {[%emt 0:00:59] MISS-Bc8-f5 400 (Bc8-f5) (=46)} (21... Bf5 $16 22. Qb3 Nd7) 22. fxe5 $18 {[%emt 0:02:26] RECAPT} Nxd5 {[%emt 0:00:05] EASY} 23. Ne4 {[%emt 0:06:08] CPLX 4.0 276 (Rf1xf7) (=24)} (23. Bxc5 Be6 24. Bd6 (24. Bxa6 Qc7 $11) 24... Rc8 $18) 23... Be6 {[%emt 0:01:53] BESTDEEP} 24. Bg5 {[%emt 0:02:03] CPLX 3.4} (24. Bxa6 Nxe3 25. Rxe3 Qd4 26. Qxc5 Bxe5 27. Qxe5 Qxe5 $17) ({Much less strong is} 24. Bxc5 $6 Qc7 25. Bd6 (25. Bxa6 Bxe5 26. Qf2 h4 $14) 25... Qa7+ 26. Nc5 Rc8 $16) (24. Nxc5 $2 Nxe3 25. Nxe6 Qb6 $19) 24... Qc7 {[%emt 0:00:31] CPLX 3.6 0 (b4-b3) (=37)} 25. Bxd5 {[%emt 0:06:03] CPLX 3.4 106 (Ne4-d6) (=27)} Bxd5 {[%emt 0:00:01] RECAPT} 26. Nf6+ {[%emt 0:00:10] CPLX 3.3} Bxf6 {[%emt 0:00:04] EASY} 27. Bxf6 {[%emt 0:00:12] RELBLUND 173 (Rf1xf6) (=33)} (27. Rxf6 $18 {And now e6 would win.} Kh7 28. e6 (28. Rxa6 Rhe8 $11)) 27... Kh7 $2 {[%emt 0:01:12][%mdl 8192] RELBLUND 400 (Bd5-e6) (=53)} (27... Be6 $11) 28. Rf5 {[%emt 0:00:30][%cal Bf1f5,Bf5g5,Bg5g4][%mdl 32] Rxh5+ would kill now. BESTDEEP} Kg8 {[%emt 0:00:35] DEEPSTRONG} 29. Rg5 {[%emt 0:01:25] BESTDEEP} Rh6 {[%emt 0:00:35] CPLX 4.1} 30. Rd1 $2 {[%emt 0:05:05] MISS-e5-e6 325 (e5-e6) (=44)} (30. e6 Qc6 31. e7) 30... Be6 {[%emt 0:00:22] BESTDEEP} (30... Bxa2 $2 31. b3 $18) 31. Rd6 {[%emt 0:02:01] CPLX 3.7 3 (Rg5-g3) (=42)} c4 {[%emt 0:00:35] CPLX 3.9 4 (a6-a5) (=44)} 32. Kh2 {[%emt 0:02:45] BESTDEEP} h4 $2 {[%emt 0:00:36] [#] CPLX 4.0 205 (Kg8-h7) (=50)} (32... Kh7 $16 {was necessary.}) 33. Rxe6 $1 {[%emt 0:01:50][%mdl 512] CPLX 4.1 213 (Qc2-c1) (=47)} fxe6 $16 {[%emt 0:00:07] [#] RECAPT} 34. Rg4 $1 {[%emt 0:00:07] DEEPSTRONG} c3 {[%emt 0:00:41] CPLX 3.9} 35. Qc1 {[%emt 0:00:32][%mdl 1024] White has strong compensation. BESTDEEP} Kh7 {[%emt 0:00:22][%mdl 8192] [#] RELBLUND 400 (Qc7-h7) (=60)} (35... Qh7 $16) 36. Qxh6+ $3 {[%emt 0:00:10][%mdl 512] Weighted Error Value: White=0.53/Black=0.80} 1-0

[Event "1st Serbian League 2022"]
[Site "Vrnjacka Banja"]
[Date "2022.09.20"]
[Round "1.30"]
[White "Zlatanovic, Boroljub"]
[Black "Dimic, Pavle"]
[Result "1-0"]
[ECO "A26"]
[WhiteElo "2313"]
[BlackElo "2352"]
[Annotator "ChessBase"]
[PlyCount "103"]
[EventDate "2022.09.20"]
[EventType "team-tourn"]
[EventCountry "SRB"]
[SourceTitle "playchess.com"]
[Source "ChessBase"]
[SourceQuality "1"]
[TimeControl "40/5400+30:1800+30"]

1. c4 g6 2. g3 Bg7 3. Bg2 Nf6 4. Nf3 O-O 5. O-O d6 6. Nc3 Nc6 7. d3 h6 8. Rb1 a5 9. a3 e5 10. Ne1 Be6 11. Nd5 Nh7 12. b4 axb4 13. axb4 Rb8 14. b5 Ne7 15. Nc2 f5 16. f4 Nf6 17. Nxf6+ Rxf6 18. Bb2 Rf7 19. Qd2 Qd7 20. Bc3 Rff8 21. d4 Bxc4 22. dxe5 Rfd8 23. Ne3 Be6 24. exd6 Qxd6 25. Qxd6 Rxd6 26. Rfc1 Rd7 27. Kf2 Nc8 28. Bxg7 Kxg7 29. Bc6 Re7 30. Bd5 Kf6 31. Rc5 Nd6 32. Rbc1 Rc8 33. Kf3 b6 34. Bxe6 Kxe6 35. Rc6 Rce8 36. Nc4 Rd8 37. Ne5 g5 38. h3 Kd5 39. Rd1+ Ke6 40. Nc4 Red7 41. Nxd6 Rxd6 42. Rdxd6+ cxd6 43. Rxb6 Kd5 44. Rb7 Rc8 45. b6 Rc3+ 46. e3 g4+ 47. hxg4 fxg4+ 48. Kxg4 Rxe3 49. Rh7 Rb3 50. b7 Kc6 51. f5 Kd5 52. Re7 1-0

[Event "1st Serbian League 2022"]
[Site "Vrnjacka Banja"]
[Date "2022.09.20"]
[Round "1.31"]
[White "Risteski, Emil"]
[Black "Demchenko, Anton"]
[Result "1/2-1/2"]
[ECO "C55"]
[WhiteElo "2364"]
[BlackElo "2645"]
[Annotator "TA"]
[PlyCount "92"]
[EventDate "2022.09.20"]
[EventType "team-tourn"]
[EventCountry "SRB"]
[SourceTitle "playchess.com"]
[Source "ChessBase"]
[SourceQuality "1"]
[TimeControl "40/5400+30:1800+30"]

1. e4 e5 2. Nf3 Nc6 3. Bc4 Nf6 4. d3 Be7 5. O-O O-O 6. a4 {[%emt 0:00:20][%cal Ba2a4,Ba4a5][%mdl 32] CPLX 2.2 11 (Rf1-e1) (=11)} d6 {[%emt 0:07:20] CPLX 2.2 12 (a7-a5) (=12). C55: Two Knights: 4 d3, 4 d4 exd4 5 e5 and Max Lange Attack.} 7. a5 {[%emt 0:04:34] CPLX 2.3 27 (Rf1-e1) (=19)} a6 {[%emt 0:01:42] BESTDEEP} 8. h3 {[%emt 0:01:38] CPLX 2.4 0 (Rf1-e1) (=13)} Be6 {[%emt 0:00:32] CPLX 2.5 6 (h7-h6) (=6). White has an edge.} 9. Nbd2 {[%emt 0:06:36] CPLX 2.4 31 (Rf1-e1) (=17)} Qd7 {[%emt 0:01:08] CPLX 2.3 25 (d6-d5) (=11)} 10. Re1 {[%emt 0:05:15] CPLX 2.3 1 (c2-c3) (=14)} h6 {[%emt 0:01:45] CPLX 2.3 1 (Rf8-e8) (=9)} 11. c3 {[%emt 0:04:28] CPLX 2.4} Rae8 {[%emt 0:08:09] [#] CPLX 2.4 21 (Ra8-b8) (=11)} 12. Qb3 $146 {[%emt 0:08:28] CPLX 2.4 28 (Bc4xe6) (=14)} ({Predecessor:} 12. Bxe6 fxe6 13. d4 exd4 14. cxd4 Nh7 15. Qb3 Ng5 16. Qxb7 Nxf3+ 17. Nxf3 Rxf3 18. gxf3 Nxd4 {½-½ (59) Shvedova,A (2065)-Tanenbaum,Z (2146) Chess.com INT 2021}) 12... Nd8 {[%emt 0:12:17] BESTDEEP} 13. Nf1 {[%emt 0:09:19] CPLX 2.4 16 (Bc4xe6) (=14)} c6 {[%emt 0:13:53] CPLX 2.5 36 (c7-c5) (=13)} 14. Bxe6 {[%emt 0:02:28] BESTDEEP} fxe6 {[%emt 0:01:25] RECAPT} 15. Ng3 {[%emt 0:00:41] CPLX 2.2 0 (d3-d4) (=11)} Nh7 {[%emt 0:02:12] BESTDEEP} 16. d4 {[%emt 0:03:07] BESTDEEP} exd4 {[%emt 0:00:52] DEEPSTRONG} 17. cxd4 {[%emt 0:00:20] RECAPT} Nf7 {[%emt 0:00:21][%cal Bd8f7,Bf7h8,Bh8g6,Bg6h4][%mdl 32] CPLX 2.6 18 (Nh7-g5) (=10)} 18. Be3 {[%emt 0:01:36] CPLX 2.3} Bd8 {[%emt 0:07:07] CPLX 2.4 14 (Re8-c8) (=10)} 19. Nd2 {[%emt 0:01:22] CPLX 2.4 26 (e4-e5) (=10)} d5 {[%emt 0:01:12] BESTDEEP} 20. e5 {[%emt 0:03:55] BESTDEEP} c5 {[%emt 0:05:47] BESTDEEP} 21. f4 {[%emt 0:01:51] CPLX 2.5 50 (Ng3-e2) (=12)} (21. Ne2 $14) 21... cxd4 {[%emt 0:09:53] MISS-Bd8-h4 56 (Bd8-h4) (=12)} (21... Bh4 $11 22. Kh2 Bxg3+ 23. Kxg3 cxd4 24. Bxd4 Nd8) 22. Bxd4 $14 {[%emt 0:00:29] RECAPT} Nh8 {[%emt 0:00:16] CPLX 2.4 17 (Bd8-e7) (=12)} 23. Rf1 {[%emt 0:03:06] White has more active pieces. CPLX 2.4} Ng6 {[%emt 0:01:18] CPLX 2.4} 24. Qe3 {[%emt 0:03:53] CPLX 2.5 47 (Ng3-e2) (=12)} (24. Ne2 $16) 24... Qb5 {[%emt 0:02:07] BESTDEEP} 25. Bc3 {[%emt 0:06:18] CPLX 2.9 27 (b2-b4) (=13)} Be7 {[%emt 0:04:06] DEEPSTRONG} 26. Ne2 {[%emt 0:02:41] BESTDEEP} Nh4 {[%emt 0:01:46] DEEPSTRONG} 27. Nd4 {[%emt 0:06:53] CPLX 3.0 20 (Nd2-f3) (=13)} Bc5 {[%emt 0:00:38] CPLX 3.7 12 (Nh4-f5) (=10)} 28. g4 {[%emt 0:00:40] CPLX 4.7 14 (Qe3-f2) (=13)} g5 {[%emt 0:00:40] EASY} 29. fxg5 {[%emt 0:05:18] Chess con chili. BESTDEEP} Nxg5 {[%emt 0:00:51] RECAPT} 30. Kh2 {[%emt 0:00:07] CPLX 5.6} Qd7 {[%emt 0:05:51] CPLX 5.5 43 (Nh4-g6) (=10)} 31. Qg3 $1 {[%emt 0:04:09] CPLX 5.1} Ng6 {[%emt 0:00:36] CPLX 4.5} 32. h4 $1 {[%emt 0:01:25] CPLX 4.1} Ne4 {[%emt 0:00:34] CPLX 4.5 27 (Rf8xf1) (=11)} 33. Nxe4 {[%emt 0:00:10] EASY} dxe4 {[%emt 0:00:02] RECAPT} 34. Nf5 {[%emt 0:01:42][%cal Oh4h5] And now h5! would win. BESTDEEP} Kh7 $2 {[%emt 0:06:02] [#] RELBLUND 159 (Qd7-d3) (=15)} (34... exf5 $2 35. gxf5 Qg7 36. e6 $18 (36. Qxg6 Qxg6 37. fxg6 Bf2 $11)) (34... Qd3 $11 {and Black stays safe.} 35. Qg2 (35. Nxh6+ Kg7 $15) 35... e3) 35. Nd6 $2 {[%emt 0:03:44] RELBLUND 188 (h4-h5) (=16)} (35. h5 $1 $18 Nh8 36. Nd6 Bxd6 37. exd6) 35... Bxd6 $11 {[%emt 0:02:43] DEEPSTRONG=>BLUNDERREACT} 36. exd6 {[%emt 0:00:06][%cal Be5d6,Bd6d7][%mdl 32] h5 is the strong threat. RECAPT} Qb5 {[%emt 0:00:58][%mdl 8192] [#] RELBLUND 300 (e6-e5) (=24)} (36... e5 $11 {and Black has nothing to worry.}) 37. d7 $1 $18 {[%emt 0:03:59] DEEPSTRONG=>BLUNDERREACT} Rd8 {[%emt 0:00:41] BESTDEEP} 38. h5 $2 {[%emt 0:02:16] MISS-Rf1xf8 271 (Rf1xf8) (=23)} Rxf1 $11 {[%emt 0:00:49] EASY} 39. hxg6+ {[%emt 0:00:05] CPLX 6.7 0 (Ra1xf1) (=22)} Kxg6 {[%emt 0:01:19] RECAPT} 40. Qe3 $2 {[%emt 0:05:08] RELBLUND 237 (Ra1xf1) (=28)} (40. Rxf1 $11 {and White is okay.} Qxf1 41. Qe5 Qe2+ 42. Kh3 Qf3+ 43. Kh4 Qh1+ 44. Kg3 Qg1+ 45. Kh4 Qf2+ 46. Kh3 Qf3+ 47. Kh4 Qh1+ 48. Kg3 Qg1+ 49. Kh4 Qf2+ 50. Kh3 Qf3+) 40... Rxa1 $2 {[%emt 0:01:00] CPLX 7.4 237 (Rd8xd7) (=28)} (40... Rxd7 $19 41. Qxe4+ Kf7 42. Rxf1+ Qxf1 43. Qh7+ Ke8 44. Qg8+ Qf8 45. Qxe6+ Kd8) 41. Qxe4+ {[%emt 0:30:08] EASY. The position is equal.} Kg5 {[%emt 0:30:09] EASY} 42. Qe3+ {[%emt 0:00:00] CPLX 6.9} Kxg4 {[%emt 0:00:00] EASY} 43. Qg3+ {[%emt 0:00:00] CPLX 7.3 0 (Qe3-e4) (=26)} Kh5 {[%emt 0:00:00] ( -> ...Qe2+). EASY} 44. Qf3+ {[%emt 0:00:00] EASY} Kg5 {[%emt 0:00:00] CPLX 6.7 0 (Kh5-g6) (=25)} 45. Qg3+ {[%emt 0:00:00] BESTDEEP} Kf5 {[%emt 0:00:00] Hoping for ...Qe2+. MISS-Kg5-h5 0 (Kg5-h5) (=25)} 46. Qf3+ {[%emt 0:00:00] EASY} Kg5 {[%emt 0:00:00] Weighted Error Value: White=0.27 (precise) /Black=0.39} 1/2-1/2

[Event "1st Serbian League 2022"]
[Site "Vrnjacka Banja"]
[Date "2022.09.20"]
[Round "1.32"]
[White "Basso, Pier Luigi"]
[Black "Djokic, Mihailo"]
[Result "1-0"]
[ECO "E32"]
[WhiteElo "2528"]
[BlackElo "2197"]
[Annotator "TA"]
[PlyCount "53"]
[EventDate "2022.09.20"]
[EventType "team-tourn"]
[EventCountry "SRB"]
[SourceTitle "playchess.com"]
[Source "ChessBase"]
[SourceQuality "1"]
[TimeControl "40/5400+30:1800+30"]

1. d4 Nf6 2. c4 b6 3. Nc3 Bb7 4. Qc2 e6 5. e4 Bb4 6. Bd3 d5 7. cxd5 exd5 8. e5 Ne4 9. Nf3 c5 10. O-O Bxc3 11. bxc3 O-O {[%emt 0:05:04] DEEPSTRONG} 12. dxc5 {[%emt 0:06:17] Black must now prevent Ba3. CPLX 2.8 33 (Nf3-d2) (=33). E32: Nimzo-Indian: Classical (4 Qc2): 4...0-0.} bxc5 $2 {[%emt 0:01:27] [#] RELBLUND 173 (Nb8-d7) (=87)} (12... Nd7 $14) 13. Rb1 $18 {[%emt 0:02:14] EASY} c4 {[%emt 0:10:00] CPLX 3.1 0 (Bb7-a6) (=58)} 14. Bxe4 {[%emt 0:05:55] CPLX 3.3. White is clearly better.} ({Stronger than} 14. Rxb7 cxd3 15. Qxd3 Nc5 $11) 14... dxe4 {[%emt 0:00:40] RECAPT} 15. Rxb7 {[%emt 0:00:14] EASY} exf3 {[%emt 0:00:06] [#] BESTDEEP} 16. Rd1 {[%emt 0:07:36] Prevents Qd5. CPLX 3.9} ({But not} 16. gxf3 $6 Qc8 17. Qe4 Nc6 $16) 16... Qc8 {[%emt 0:06:10] ( -> ...Qg4). CPLX 4.3 6 (Qd8-h4) (=30)} 17. Qe4 {[%emt 0:00:08] [#] Inhibits Qg4. EASY} fxg2 $146 {[%emt 0:01:45] CPLX 4.3 355 (Nb8-a6) (=76)} (17... Na6 {is tougher.} 18. Qxf3 Nc5) ({Predecessor:} 17... Nc6 18. Rbd7 Re8 19. Bf4 fxg2 20. R1d6 Nd8 21. Qf5 Rf8 22. Bh6 Ne6 23. Qg4 Kh8 24. Rxe6 gxh6 25. Rxh6 Rg8 26. Rxh7+ {1-0 (26) Schlecht,D (2349)-Orlov,A (2503) Germany 2015}) 18. Rd6 {[%emt 0:03:20] e6 is the strong threat. CPLX 5.3 39 (Bc1-a3) (=10)} a5 {[%emt 0:02:29] BEVAL 400 (Nb8-c6) (=117)} 19. e6 {[%emt 0:03:16] BEVAL} Na6 {[%emt 0:04:22] MISSDEEP-f7xe6 400 (f7xe6) (=148)} 20. exf7+ {[%emt 0:00:39] DEEPSTRONG. White mates.} Rxf7 {[%emt 0:01:08] RECAPT} 21. Rxf7 {[%emt 0:00:19] RECAPT} Kxf7 {[%emt 0:00:09] RECAPT} 22. Qd5+ {[%emt 0:00:32] DEEPSTRONG} Kf8 {[%emt 0:19:51] RELBLUND 1 (Kf7-e8) (=111)} 23. Ba3 {[%emt 0:01:01][%csl Gd5][%cal Rd6d8] DEEPSTRONG} Nb4 {[%emt 0:03:12] RELBLUND} 24. cxb4 {[%emt 0:00:09] DEEPSTRONG} Qe8 {[%emt 0:00:54] RELBLUND 1 (Ra8-a7) (=95)} 25. Re6 {[%emt 0:01:00] CPLX 5.8 3 (b4-b5) (=5)} Qc8 {[%emt 0:03:44] RELBLUND 5 (Qe8xe6) (=89)} 26. b5+ {[%emt 0:00:12] CPLX 5.5} Kf7 {[%emt 0:02:24] EASY} 27. Rc6+ {[%emt 0:00:28] White took control after the opening.  Weighted Error Value: White=0.07 (flawless) /Black=0.78} 1-0